 Dungeon Crawl Stone Soup version 0.18-a0-1396-g8753ca6 (webtiles) character file.

5339 Kidiri the Thaumaturge (level 10, 0/50 HPs)
             Began as a Deep Elf Fire Elementalist on Feb 23, 2016.
             Was a Believer of Vehumet.
             Slain by Aksel's ghost (9 damage)
             ... on level 8 of the Dungeon.
             The game lasted 00:37:47 (13230 turns).

Kidiri the Thaumaturge (DEFE)                      Turns: 13230, Time: 00:37:47

Health: 0/50       AC:  9    Str:  8      XL:     10   Next: 38%
Magic:  26/26      EV: 16    Int: 27      God:    Vehumet [**....]
Gold:   501        SH:  0    Dex: 14 (15) Spells: 8 memorised, 9 levels left

rFire  . . .     SeeInvis .     C - +5 whip "Diugit" {speed, rC- Str+3 Int+3}
rCold  x . .     Gourm    .     a - +1 robe
rNeg   . . .     Faith    .     (no shield)
rPois  .         Spirit   .     s - +1 helmet
rElec  .         Dismiss  .     f - +0 cloak
rCorr  .         Reflect  .     L - +0 pair of gloves "Ocseud" {+Fly MR+} (curse)
SustAt .         Harm     .     i - +1 pair of boots
MR     +++..                    (no amulet)
Stlth  ++++......               K - ring of protection from magic
                                E - ring of flight

@: extremely resistant to hostile enchantments, stealthy
A: no striking features
a: Renounce Religion, Evoke Flight


You were on level 8 of the Dungeon.
You worshipped Vehumet.
Vehumet was pleased with you.
You were not hungry.

You visited 2 branches of the dungeon, and saw 9 of its levels.

You collected 501 gold pieces.

Inventory:

Hand Weapons
 C - the +5 whip "Diugit" (weapon) {speed, rC- Str+3 Int+3}
   (You found it on level 4 of the Dungeon)

   Attacks with this weapon are significantly faster.
   It affects your strength (+3).
   It affects your intelligence (+3).
   It makes you vulnerable to cold.
Missiles
 N - 3 throwing nets (quivered)
Armour
 a - a +1 robe (worn)
 f - a +0 cloak (worn)
 i - a +1 pair of boots (worn)
 s - a +1 helmet (worn)
 L - the cursed +0 pair of gloves "Ocseud" (worn) {+Fly MR+}
   (You found it on level 7 of the Dungeon)

   It affects your resistance to hostile enchantments.
   It lets you fly.
   It has a curse placed upon it.
Jewellery
 E - a ring of flight (left hand)
 G - an uncursed amulet of harm
 K - a ring of protection from magic (right hand)
Wands
 t - a wand of flame (35/48)
 D - a wand of hasting (2/9)
 F - a wand of flame (25/48)
 H - a wand of flame (23/48)
Scrolls
 c - a scroll of blinking
 d - a scroll of identify
 n - 4 scrolls of remove curse
 w - 2 scrolls of recharging
 z - a scroll of fog {unknown}
 I - a scroll of random uselessness {unknown}
 J - a scroll of holy word {unknown}
 M - 2 scrolls of amnesia
Potions
 g - a potion of lignification
 h - a potion of ambrosia
 j - a potion of cancellation
 k - 2 potions of flight {unknown}
 l - 2 potions of berserk rage {unknown}
 m - a potion of magic {unknown}
 p - 2 potions of brilliance {unknown}
 q - a potion of agility {unknown}
 r - 2 potions of cure mutation {unknown}
 v - a potion of heal wounds {unknown}
 x - 2 potions of beneficial mutation {unknown}
 A - a potion of mutation {unknown}
 B - a potion of resistance
Books
 b - a book of Flames

   Spells                             Type                      Level
   a - Flame Tongue                   Conjuration/Fire             1
   b - Throw Flame                    Conjuration/Fire             2
   c - Conjure Flame                  Conjuration/Fire             3
   d - Inner Flame                    Hexes/Fire                   3
   e - Sticky Flame                   Conjuration/Fire             4
   f - Fireball                       Conjuration/Fire             5
Comestibles
 o - 2 meat rations
 u - 3 chunks of flesh
 O - 3 bread rations
 P - 4 beef jerkies


   Skills:
 + Level 7.2 Dodging
 + Level 7.7 Stealth
 * Level 10.4 Spellcasting
 + Level 6.2 Conjurations
 + Level 7.1 Hexes
 + Level 7.0 Fire Magic
 + Level 4.0 Ice Magic
 + Level 0.4 Poison Magic
 + Level 2.5 Evocations


You had 9 spell levels left.
You knew the following spells:

 Your Spells              Type           Power        Failure   Level  Hunger
a - Flame Tongue          Conj/Fire      #####        1%          1    None
b - Throw Flame           Conj/Fire      #####.       1%          2    None
c - Conjure Flame         Conj/Fire      #####...     1%          3    None
d - Inner Flame           Hex/Fire       ######..     1%          3    None
e - Sticky Flame          Conj/Fire      #####...     2%          4    None
f - Fireball              Conj/Fire      #####.....   10%         5    ###....
g - Freeze                Ice            ####         1%          1    None
h - Sting                 Conj/Pois      ####         1%          1    None


Dungeon Overview and Level Annotations

Branches:
Dungeon (8/15)             Temple (1/1) D:5            Lair (0/8) D:8

Altars:
Ashenzari
Cheibriados
Dithmenos
Elyvilon
Fedhas
Gozag
Kikubaaqudgha
Makhleb
Nemelex Xobeh
Okawaru
Pakellas
Qazlal
Ru
Sif Muna
Trog
Vehumet
Xom
Yredelemnul
Zin
The Shining One

Annotations:
D:8 Aksel's ghost, novice HOFi


Message History

Aksel's ghost hits you!!
You hit Aksel's ghost.
Aksel's ghost is moderately damaged.
You hit Aksel's ghost.
Aksel's ghost is heavily damaged.
Aksel's ghost is engulfed in roaring flames.
Aksel's ghost hits you!
* * * LOW HITPOINT WARNING * * *
Unknown command.
Drink which item? (? for menu, Esc to quit)
You feel better.
Aksel's ghost is engulfed in roaring flames.
Aksel's ghost hits you!!
* * * LOW HITPOINT WARNING * * *
Unknown command.
Aksel's ghost is engulfed in roaring flames.
Aksel's ghost says, "I don't need an army to kill you!"
Aksel's ghost keens inconsolably.
Aksel's ghost hits you!
You die...

#......#.##.... #yW.........##.
######### #.Oh.W.#.##.##.
........# #..o........##.
#..###.###### #......#.......
##...........######....#.####.###
.....##.####.....##......# #...#
.#..###.# #####W######### #...#
.#......# #@# #...# ....##### #.#
#...# #.##############.### #...##
#.# #.............### #..... #.##
#........#......#######....# ...#
#........#.................. ...#
#..........##..#............ ...#
#........#.................. ####
#.............#.#####......(


You could see Aksel's ghost.

Vanquished Creatures
  A deep elf mage (D:7)
  The ghost of Dirian the Covered, a novice MiFi of Makhleb (D:6)
  A hungry ghost (D:8)
  4 hippogriffs
  Duvessa (D:5)
  2 ice beasts (D:8)
  A sky beast (D:6)
  2 black bears (D:6)
  A phantom (D:6)
  An orc warrior (D:8)
  4 ogres
  A necrophage (D:6)
  4 centaurs
  A big kobold (D:7)
  4 giant frogs
  Dowan (D:5)
  2 scorpions
  A water moccasin skeleton (D:5)
  11 killer bees
  4 crimson imps
  2 jellies (D:5)
  2 quasits
  2 hounds
  6 orc priests
  2 giant frog skeletons (D:5)
  6 orc wizards
  Natasha (twice) (D:2)
  3 iguanas
  5 worker ants
  A killer bee zombie (D:6)
  A hound zombie (D:5)
  A hound skeleton (D:6)
  Robin (D:4)
  12 gnolls
  18 adders
  A shadow imp (D:6)
  3 oozes
  2 adder skeletons (D:4)
  2 worms
  A dart slug (D:1)
  3 giant geckos
  25 orcs
  8 bats
  7 giant cockroaches
  20 goblins
  10 hobgoblins
  13 jackals
  12 kobolds
  4 quokkas
  A giant gecko skeleton (D:4)
  2 giant newts
  2 jackal zombies
  9 rats
237 creatures vanquished.

Notes
Turn   | Place    | Note
--------------------------------------------------------------
     0 | D:1      | Kidiri the Deep Elf Fire Elementalist began the quest for the Orb.
     0 | D:1      | Reached XP level 1. HP: 10/10 MP: 6/6
   172 | D:1      | Reached XP level 2. HP: 12/15 MP: 4/8
   176 | D:1      | Learned a level 2 spell: Throw Flame
   900 | D:1      | Reached XP level 3. HP: 19/19 MP: 8/10
   905 | D:1      | Learned a level 3 spell: Conjure Flame
   909 | D:1      | Learned a level 3 spell: Inner Flame
  1268 | D:2      | Reached skill level 4 in Spellcasting
  1473 | D:2      | Found a shimmering altar of Xom.
  1473 | D:2      | Found a shimmering altar of Xom.
  1483 | D:2      | Found a shimmering altar of Xom.
  1483 | D:2      | Found a shimmering altar of Xom.
  1537 | D:2      | Reached skill level 1 in Hexes
  1537 | D:2      | Reached XP level 4. HP: 22/24 MP: 4/12
  1654 | D:2      | Found a white marble altar of Elyvilon.
  1664 | D:2      | Found a shadowy altar of Dithmenos.
  1729 | D:2      | Found an oddly glowing altar of Pakellas.
  1956 | D:2      | Noticed Natasha
  1968 | D:2      | Killed Natasha
  2307 | D:2      | Noticed Natasha
  2311 | D:2      | Killed Natasha
  2311 | D:2      | Reached XP level 5. HP: 28/28 MP: 9/13
  3072 | D:2      | Learned a level 4 spell: Sticky Flame
  3174 | D:3      | Found a sparkling altar of Nemelex Xobeh.
  3263 | D:3      | Found a deep blue altar of Sif Muna.
  3708 | D:3      | Reached XP level 6. HP: 25/32 MP: 7/15
  3967 | D:3      | Found a basalt altar of Yredelemnul.
  4048 | D:3      | Found a sparkling altar of Nemelex Xobeh.
  4065 | D:3      | Found a snail-covered altar of Cheibriados.
  4350 | D:4      | Found a stormy altar of Qazlal.
  4394 | D:4      | Reached skill level 5 in Spellcasting
  4844 | D:4      | Found a bloodstained altar of Trog.
  4856 | D:4      | Got a scorched whip
  4857 | D:4      | Identified the +5 whip "Diugit" {speed, rC- Str+3 Int+3} (You found it on level 4 of the Dungeon)
  5153 | D:4      | Noticed Robin
  5213 | D:4      | Killed Robin
  5213 | D:4      | Reached XP level 7. HP: 11/36 MP: 1/17
  5751 | D:5      | Entered Level 5 of the Dungeon
  5928 | D:5      | Reached skill level 6 in Spellcasting
  6074 | D:5      | Learned a level 5 spell: Fireball
  6333 | D:5      | Found a glowing golden altar of the Shining One.
  6710 | D:5      | Found a staircase to the Ecumenical Temple.
  6712 | D:5      | Noticed Duvessa
  6713 | D:5      | Noticed Dowan
  6774 | D:5      | Killed Duvessa
  6774 | D:5      | Reached skill level 5 in Fire Magic
  6776 | D:5      | Killed Dowan
  6776 | D:5      | Reached skill level 5 in Dodging
  6776 | D:5      | Reached skill level 5 in Stealth
  6776 | D:5      | Reached skill level 7 in Spellcasting
  6776 | D:5      | Reached XP level 8. HP: 41/41 MP: 8/20
  6793 | Temple   | Entered the Ecumenical Temple
  6906 | Temple   | Became a worshipper of Vehumet
  7840 | D:6      | Reached skill level 5 in Hexes
  7934 | D:6      | Reached skill level 8 in Spellcasting
  8212 | D:6      | Noticed Dirian's ghost (novice MiFi)
  8711 | D:6      | Reached * piety under Vehumet
  8711 | D:6      | Offered knowledge of Freeze by Vehumet.
  8796 | D:5      | Learned a level 1 spell: Freeze
  8899 | D:6      | Killed Dirian's ghost
  8899 | D:6      | Reached XP level 9. HP: 45/45 MP: 1/23
  9005 | D:6      | Reached skill level 5 in Conjurations
  9082 | D:6      | Reached skill level 9 in Spellcasting
  9082 | D:6      | Reached skill level 1 in Ice Magic
  9572 | D:7      | Found an iron altar of Okawaru.
  9599 | D:7      | Got a pair of brightly glowing gloves
  9605 | D:7      | Identified the cursed +0 pair of gloves "Ocseud" {+Fly MR+} (You found it on level 7 of the Dungeon)
  9983 | D:7      | Found a shattered altar of Ashenzari.
 10851 | D:7      | Noticed a deep elf mage
 10858 | D:7      | Killed a deep elf mage
 10858 | D:7      | Reached skill level 1 in Evocations
 11365 | D:8      | Reached skill level 10 in Spellcasting
 11485 | D:8      | Reached XP level 10. HP: 35/50 MP: 19/26
 11514 | D:8      | Noticed Aksel's ghost (novice HOFi)
 12356 | D:8      | Offered knowledge of Sting by Vehumet.
 12359 | D:8      | Learned a level 1 spell: Sting
 12461 | D:8      | Reached ** piety under Vehumet
 12648 | D:8      | Found a staircase to the Lair.
 13182 | D:8      | HP: 1/50 [Aksel's ghost (19)]
 13230 | D:8      | Slain by Aksel's ghost

Vault maps used:
D:1:      lightli_arrival_maybe_door_vault
D:2:      xom_redecorated, amethyst_overflow_temple_binary,
          grunt_pakellas_basics, uniq_natasha
D:3:      old_standard_altar, yredelemnul_altar_generic, led_sif_book,
          lemuel_doored_altar, nemelex_diamond_rough_becter
D:4:      kennysheep_little_box, lemuel_crystal_altar,
          kennysheep_generic_room_6, uniq_robin
D:5:      nicolae_tso_swordbearing_angel, minmay_temple_entry_statues,
          first_bread, uniq_duvessa
D:7:      nicolae_overflow_hidden_temple, kennysheep_mini_moat,
          grunt_ministairs_15, grunt_ogre_cave,
          eino_small_chamber_without_monster, minmay_statues_item,
          guppyfry_early_elven_hall
D:8:      lair_0_dummy
Temple:   jpeg_temple_alley_garden_8

Skill      XL: |  1  2  3  4  5  6  7  8  9 10 |
---------------+-------------------------------+-----
Spellcasting   | 4 5 7 8 10 | 10.4
Stealth        | 3 4 5 6 7 |  7.7
Conjurations   | 2 3 4 6 |  6.2
Hexes          | 1 2 3 4 5 6 7 |  7.1
Dodging        | 3 4 5 6 7 |  7.2
Fire Magic     | 4 5 6 7 |  7.0
Ice Magic      | 2 4 |  4.0
Evocations     | 2 |  2.5
Poison Magic   | |  0.4

Action                   |  1- 3 |  4- 6 |  7- 9 | 10-12 || total
-------------------------+-------+-------+-------+-------++-------
Melee: Short sword       |    10 |     5 |       |       ||    15
       Whip              |       |     8 |    80 |    19 ||   107
 Cast: Flame Tongue      |    39 |    91 |   151 |    63 ||   344
       Throw Flame       |    21 |    42 |    33 |    17 ||   113
       Conjure Flame     |       |     5 |    10 |     5 ||    20
       Inner Flame       |       |     4 |     3 |     4 ||    11
       Sticky Flame      |       |       |    13 |     3 ||    16
       Fireball          |       |       |     1 |       ||     1
  Use: Scroll            |     6 |     6 |     4 |     2 ||    18
       Potion            |       |       |     1 |     2 ||     3
 Stab: Sleeping          |     2 |       |     5 |       ||     7
  Eat: Chunk             |     2 |     2 |     5 |     2 ||    11
       Bread ration      |       |     1 |     2 |       ||     3
       Meat ration       |       |     1 |       |       ||     1
       Fruit             |       |       |     3 |       ||     3
       Pizza             |       |       |     2 |       ||     2
       Beef jerky        |       |       |     1 |     3 ||     4
